 Dungeon Crawl Stone Soup version 0.23.1 (webtiles) character file.

Game seed: 1522837584843072043

6752 Borgoz the Slicer (level 11, -2/74 HPs)
             Began as a Ghoul Enchanter on Mar 10, 2019.
             Was a Follower of Ashenzari.
             Slain by a troll (10 damage)
             ... on level 10 of the Dungeon.
             The game lasted 00:34:47 (13078 turns).

Borgoz the Slicer (Ghoul Enchanter)                Turns: 13078, Time: 00:34:48

Health: -2/74      AC: 12    Str: 13    XL:     11   Next: 4%
Magic:  11/12      EV: 14    Int: 13    God:    Ashenzari [*.....]
Gold:   808        SH:  0    Dex: 16    Spells: 6/13 levels left

rFire    . . .     SeeInvis .   y - +3 dagger (elec)
rCold    + . .     Gourm    .   (no shield)
rNeg     + + +     Faith    .   b - +1 ring mail of Understanding {rPois Int+3}
rPois    ∞         Spirit   .   c - +0 helmet
rElec    .         Reflect  .   l - +2 cloak (curse)
rCorr    .         Harm     .   (no gloves)
MR       .....                  (no boots)
Stlth    +++.......             (no amulet)
HPRegen  0.00/turn              a - +1 ring of protection
MPRegen  0.13/turn              j - +4 ring of dexterity

@: rotting
A: rotting body, claws 1, carnivore, cold resistance 1, negative energy
resistance 3, inhibited regeneration, torment resistance, unbreathing
a: Curse Item, Scrying, Renounce Religion


You were on level 10 of the Dungeon.
You worshipped Ashenzari.
Ashenzari was aware of your devotion.
You were not hungry.

You visited 2 branches of the dungeon, and saw 11 of its levels.
You also visited: Sewer.

You collected 808 gold pieces.

Inventory:

Hand Weapons
 t - a +2 dagger of speed
 v - a +1 dagger of protection
 y - a +3 dagger of electrocution (weapon)
 E - a +1 short sword of protection
 F - a +3 short sword
 L - a +1 short sword of flaming
Missiles
 e - 38 poisoned needles
 k - 8 needles of confusion
 H - 11 tomahawks (quivered)
Armour
 b - the +1 ring mail of Understanding (worn) {rPois Int+3}
   (You found it on level 8 of the Dungeon)

   It affects your intelligence (+3).
   It protects you from poison.
 c - a +0 helmet (worn)
 f - a +0 ring mail
 l - a cursed +2 cloak (worn)
 u - a +1 chain mail of fire resistance
Jewellery
 a - a +1 ring of protection (left claw)
 j - a +4 ring of dexterity (right claw)
 q - an uncursed ring of protection from fire
 w - an uncursed amulet of faith
 z - an uncursed ring of protection from fire
Wands
 p - a wand of polymorph (3)
 r - a wand of enslavement (13)
 J - a wand of clouds (7)
 M - a wand of digging (5)
Scrolls
 g - a scroll of blinking
 h - 4 scrolls of teleportation
 n - 4 scrolls of amnesia
 s - 9 scrolls of fog
 A - 2 scrolls of identify
 B - a scroll of magic mapping
 G - a scroll of fear
 I - 2 scrolls of enchant armour
 K - a scroll of brand weapon
Potions
 i - 5 potions of haste
 m - a potion of invisibility
 o - a potion of heal wounds
 x - 3 potions of curing
 C - 3 potions of magic
 D - 3 potions of might
Comestibles
 d - 22 rations


   Skills:
 + Level 0.0 Fighting
 * Level 8.2 Short Blades
 + Level 5.5 Armour
 + Level 6.0 Dodging
 + Level 8.1 Stealth
 + Level 1.8 Spellcasting
 - Level 7.8 Hexes


You had 6 spell levels left.
You knew the following spells:

 Your Spells              Type           Power        Failure   Level  Hunger
a - Corona                Hex            ###....      1%          1    ##.....
b - Ensorcelled Hibernat  Hex/Ice        ##....       16%         2    ###....
c - Confuse               Hex            ###.....     6%          3    ####...
d - Confusing Touch       Hex            ###...       1%          1    ##.....

Your spell library contained the following spells:

 Spells                   Type           Power        Failure   Level  Hunger
 Tukima's Dance           Hex            ###.....     6%          3    ####...
 Dazzling Spray           Conj/Hex       ##....       30%         3    ####...
 Sting                    Conj/Pois      #...         45%         1    ##.....
 Poisonous Vapours        Pois/Air       #.....       61%         2    ###....
 Gell's Gravitas          Tloc           #.........   83%         3    ####...
 Mephitic Cloud           Conj/Pois/Air  #.......     83%         3    ####...
 Metabolic Englaciation   Hex/Ice        ##........   96%         5    ######.
 Yara's Violent Unravell  Hex/Tmut       ##........   96%         5    ######.
 Olgreb's Toxic Radiance  Pois           #.......     99%         4    #####..
 Petrify                  Tmut/Erth      #.......     99%         4    #####..
 Venom Bolt               Conj/Pois      #.........   100%        5    ######.


Dungeon Overview and Level Annotations

Branches:
Dungeon (10/15)            Temple (1/1) D:7             Orc (0/2) D:9
   Lair: D:8-11

Altars:
Ashenzari
Cheibriados
Dithmenos
Elyvilon
Fedhas
Gozag
Hepliaklqana
Kikubaaqudgha
Makhleb
Nemelex Xobeh
Okawaru
Qazlal
Ru
Sif Muna
Trog
Uskayaw
Vehumet
Wu Jian
Xom
Yredelemnul
Zin
The Shining One

Shops:
D:7 [[


Innate Abilities, Weirdness & Mutations

Your body is rotting away.
You thrive on raw meat.
You are immune to poison.
You have sharp fingernails.
You are carnivorous and can eat meat at any time.
Your flesh is cold resistant. (rC+)
You are immune to negative energy. (rN+++)
You do not regenerate when monsters are visible.
You are immune to unholy pain and torment.
You can survive without breathing.


Message History

Casting: Confusing Touch (safe; 1% risk of failure)
Confirm with . or Enter, or press ? or * to list all spells.
Your claws begin to glow red.
The troll shouts!
The troll bites you! The troll claws you.
The troll claws you but does no damage.
You hit the troll but do no damage.
The troll appears confused.
You hit the troll but do no damage. You barely miss the troll.
The troll barely misses you. The troll misses you. The troll claws you.
You hit the troll.
The troll is lightly wounded.
You hit the troll.
The troll is lightly wounded.
The troll bites you!
* * * LOW HITPOINT WARNING * * *
The troll claws you.
* * * LOW HITPOINT WARNING * * *
The troll claws you!
You die...

############
#..........#
####..........#
..............#
..............#
..............#
...........T..######
...........@.......#
.........###.......#
.........# #.......#
≈.≈.≈≈...#
#.......##
≈≈.≈.≈≈..#
#........#
.≈≈≈;≈...#
#....#####
≈≈≈≈≈≈...# #....#
≈≈≈≈≈≈≈≈≈###....#
≈.hh≈≈≈≈≈.......####


You could see a troll (confused).

Vanquished Creatures
  A two-headed ogre (D:9)
  A centaur skeleton (D:7)
  A queen bee (D:9)
  A vampire (D:9)
  A wraith (D:6)
  A yak (D:9)
  A hungry ghost (D:9)
  A hornet zombie (D:5)
  2 ice beasts (D:9)
  2 phantoms
  3 sky beasts
  3 black bears
  3 ogres
  5 orc warriors
  6 centaurs
  A big kobold (D:9)
  4 bullfrogs
  A wyvern zombie (D:8)
  A scorpion (D:4)
  15 killer bees (D:9)
  3 howler monkeys
  4 crimson imps
  A quasit (D:8)
  A centaur zombie (D:7)
  5 hounds
  3 jellies
  12 orc priests
  6 orc wizards
  A bullfrog skeleton (D:9)
  Natasha (thrice) (D:2)
  3 iguanas
  2 worker ants
  A killer bee zombie (D:9)
  15 adders
  8 gnolls
  2 river rats (Sewer)
  2 oozes
  An adder zombie (D:4)
  2 adder skeletons
  7 worms
  4 dart slugs
  3 leopard geckos
  51 orcs
  7 bats
  6 giant cockroaches
  14 goblins
  11 hobgoblins
  15 jackals
  7 quokkas
  16 ball pythons
  8 frilled lizards
  A giant cockroach zombie (D:5)
  15 kobolds
  34 rats
328 creatures vanquished.

Vanquished Creatures (others)
  2 orc wizards (D:4)
2 creatures vanquished.

Grand Total: 330 creatures vanquished

Notes
Turn   | Place    | Note
-------+----------+-------------------------------------------
     0 | D:1      | Borgoz the Ghoul Enchanter began the quest for the Orb.
     0 | D:1      | Reached XP level 1. HP: 14/14 MP: 2/2
    73 | D:1      | Reached skill level 1 in Short Blades
   461 | D:1      | Reached XP level 2. HP: 20/20 MP: 3/3
   625 | D:1      | Learned a level 2 spell: Ensorcelled Hibernation
  1154 | D:1      | Reached XP level 3. HP: 19/26 MP: 4/4
  2376 | D:1      | Reached skill level 1 in Armour
  2403 | D:2      | Reached XP level 4. HP: 32/33 MP: 5/5
  2644 | D:3      | Reached XP level 5. HP: 31/38 MP: 1/6
  3165 | D:2      | Noticed Natasha
  3555 | D:2      | Killed Natasha
  3907 | D:2      | Noticed Natasha
  3914 | D:2      | Killed Natasha
  3914 | D:2      | Reached XP level 6. HP: 40/45 MP: 4/7
  4145 | D:2      | Noticed Natasha
  4163 | D:2      | Killed Natasha
  5300 | D:4      | Found an ornate altar of the Wu Jian Council.
  5301 | D:4      | Found a burning altar of Makhleb.
  5301 | D:4      | Found a sparkling altar of Nemelex Xobeh.
  5301 | D:4      | Found a white marble altar of Elyvilon.
  5301 | D:4      | Found a shimmering altar of Xom.
  5302 | D:4      | Found a shattered altar of Ashenzari.
  5356 | D:4      | Became a worshipper of Ashenzari the Shackled
  5417 | D:4      | Reached XP level 7. HP: 40/50 MP: 0/8
  5546 | D:4      | Found a radiant altar of Vehumet.
  5815 | D:4      | Found an opulent altar of Gozag.
  6088 | D:5      | Entered Level 5 of the Dungeon
  6358 | D:5      | Learned a level 3 spell: Confuse
  6360 | D:5      | Learned a level 1 spell: Confusing Touch
  6816 | D:5      | Reached skill level 5 in Stealth
  6816 | D:5      | Reached XP level 8. HP: 35/56 MP: 6/9
  7696 | D:6      | Reached skill level 5 in Hexes
  7805 | D:6      | Found a glowing drain.
  7831 | Sewer    | Entered a sewer
  7882 | Sewer    | Reached skill level 5 in Short Blades
  8785 | D:6      | Reached * piety under Ashenzari
  8991 | D:6      | Noticed a wraith
  9014 | D:6      | Killed a wraith
  9032 | D:6      | Reached XP level 9. HP: 23/62 MP: 8/10
  9405 | D:7      | Found Costrargh's Antique Armour Shoppe.
  9463 | D:7      | Found a staircase to the Ecumenical Temple.
  9515 | Temple   | Entered the Ecumenical Temple
  9816 | D:7      | Found Mudoup's Antique Armour Boutique.
  9882 | D:7      | Found a glowing silver altar of Zin.
 10790 | D:8      | Got the uncursed ring mail of Understanding {rPois Int+3}
 10946 | D:8      | Identified the +1 ring mail of Understanding {rPois Int+3}
                  | (You found it on level 8 of the Dungeon)
 11086 | D:9      | Reached skill level 5 in Dodging
 11088 | D:9      | Noticed a two-headed ogre
 11095 | D:9      | Reached XP level 10. HP: 49/68 MP: 7/11
 11127 | D:9      | Killed a two-headed ogre
 11299 | D:9      | Found a shimmering altar of Xom.
 11355 | D:9      | Reached skill level 5 in Armour
 11528 | D:9      | Found a staircase to the Orcish Mines.
 12766 | D:9      | Reached XP level 11. HP: 48/74 MP: 1/12
 12864 | D:10     | Entered Level 10 of the Dungeon
 13078 | D:10     | Slain by a troll

Skill      XL: |  1  2  3  4  5  6  7  8  9 10 11 |
---------------+----------------------------------+-----
Short Blades   | 1 2 3 4 5 6 8 |  8.2
Dodging        | 2 3 4 5 6 |  6.0
Armour         | 1 2 3 4 5 |  5.5
Hexes          | 3 4 5 6 7 |  7.8
Stealth        | 4 5 6 8 |  8.1
Spellcasting   | |  1.8

Action                   |  1- 3 |  4- 6 |  7- 9 | 10-12 || total
-------------------------+-------+-------+-------+-------++-------
Melee: Dagger            |    29 |     1 |   712 |   352 ||  1094
       Short sword       |   147 |   368 |       |       ||   515
 Cast: Ensorcelled Hiber |     7 |    28 |    30 |    12 ||    77
       Confusing Touch   |       |       |    28 |    19 ||    47
Invok: Curse Item        |       |       |     1 |       ||     1
  Use: Potion            |     2 |     2 |     2 |     4 ||    10
       Scroll            |     2 |     2 |     6 |     2 ||    12
 Stab: Sleeping          |     5 |    23 |    17 |     6 ||    51
       Confused          |       |       |    21 |     6 ||    27
       Invisible         |       |       |       |     4 ||     4
  Eat: Chunk             |     5 |    15 |    36 |    15 ||    71
       Ration            |       |       |     1 |       ||     1
Armor: Robe              |    10 |       |       |       ||    10
       Ring mail         |    65 |   136 |   251 |   105 ||   557
Dodge: Dodged            |   121 |   206 |   311 |   193 ||   831
